 Seeded DCSS version 0.30-a0-347-gf58ed5266c (webtiles) character file.

Game seed: 20221105 (custom seed)

230 muata the Conjurer (level 5, -12/38 HPs)
             Began as a Draconian Conjurer on Nov 5, 2022.
             Mangled by Edmund
             ... wielding a +2 dire flail of protection
              (15 damage)
             ... on level 4 of the Dungeon.
             The game lasted 00:14:47 (3386 turns).

muata the Conjurer (Draconian Conjurer)             Turns: 3386, Time: 00:14:47

Health: -12/38     AC:  6    Str: 10    XL:     5   Next: 72%
Magic:  0/11       EV: 12    Int: 26    God:
Gold:   176        SH:  0    Dex:  9    Spells: 4/12 levels left

rFire   . . .      SeeInvis .    p - +2 hand axe (vamp)
rCold   . . .      Faith    .    r - orb {guile}
rNeg    . . .      Spirit   .    (body armour unavailable)
rPois   .          Reflect  .    (helmet restricted)
rElec   .          Harm     .    (no cloak)
rCorr   .          Rampage  .    f - +0 pair of gloves
Will    .....                    (no boots)
Stlth   ++........               (no amulet)
HPRegen 0.26/turn                d - +6 ring of intelligence
MPRegen 0.12/turn                g - ring of willpower

@: no status effects
A: AC +5, unfitting armour, cold-blooded
a: no special abilities


You were on level 4 of the Dungeon.
You visited 1 branch of the dungeon, and saw 4 of its levels.

You collected 176 gold pieces.

Inventory:

Hand Weapons
 p - a +2 vampiric hand axe (weapon)
Armour
 f - a +0 pair of gloves (worn)
 r - an orb of guile (worn)
Jewellery
 d - a +6 ring of intelligence (left hand)
 g - a ring of willpower (right hand)
 w - an amulet of reflection
Wands
 b - a wand of digging (2)
 l - a wand of roots (8)
Scrolls
 h - a scroll of summoning {unknown}
 k - 3 scrolls of identify {unknown}
 s - 2 scrolls of teleportation {unknown}
 t - a scroll of amnesia {unknown}
 v - a scroll of noise {unknown}
Potions
 a - 3 potions of magic
 c - a potion of brilliance {unknown}
 e - 3 potions of curing {unknown}
 i - a potion of resistance {unknown}
 j - 3 potions of attraction {unknown}
 m - a potion of flight {unknown}
 n - 2 potions of cancellation {unknown}
 o - 2 potions of degeneration {unknown}
 q - a potion of mutation {unknown}
 u - 2 potions of heal wounds {unknown}


   Skills:
 - Level 1.7 Dodging
 - Level 1.7 Stealth
 - Level 4.1 Spellcasting
 - Level 5.0 Conjurations
 + Level 2.1 Hexes
 + Level 0.0 Summonings


You had 4 spell levels left.
You knew the following spells:

 Your Spells              Type           Power      Damage    Failure   Level
a - Magic Dart            Conj           100%       1d8       1%          1
b - Searing Ray           Conj           62%        2d6       1%          2
c - Dazzling Flash        Conj/Hex       48%        N/A       6%          3
d - Call Imp              Summ           5%         N/A       13%         2

Your spell library contained the following spells:

 Spells                   Type           Power      Damage    Failure   Level
 Cigotuvi's Dreadful Rot  Necr/Pois/Air  10%        N/A       13%         2
 Poisonous Vapours        Pois/Air       10%        N/A       13%         2
 Mephitic Cloud           Conj/Pois/Air  14%        N/A       13%         3
 Fulminant Prism          Conj/Hex       12%        3d8       19%         4
 Iskenderun's Mystic Bla  Conj/Tloc      18%        2d6       30%         4


Dungeon Overview and Level Annotations

Branches:
Dungeon (4/15)
 Temple: D:4-7

Altars:
Fedhas
The Shining One

Annotations:
D:3 2 transporters, Iich's ghost, amateur MiBe
D:4 Edmund


Innate Abilities, Weirdness & Mutations

Your plain brown scales are hard. (AC +5)
You cannot fit into any form of body armour.
You are cold-blooded and may be slowed by cold attacks.


Message History

Casting: Call Imp (safe; 13% risk of failure)
Confirm with . or Enter, or press ? or * to list all spells.
Aiming: Magic Dart (safe; 1% risk of failure)
Press: ? - help, Shift-Dir - straight line, f/p - Edmund
Aim: Edmund, wielding a +2 dire flail of protection, wearing a +0 chain mail and wearing the ring of Guvet {Ice Fly} (lightly wounded, 100% to hit)
The magic dart hits Edmund but does no damage.
Edmund is lightly wounded.
Edmund hits you but does no damage.
You hit Edmund but do no damage.
Edmund hits you with a +2 dire flail of protection!
Edmund barely misses you.
You hit Edmund but do no damage. Edmund misses you.
You closely miss Edmund. Edmund completely misses you.
You hit Edmund.
Your tail-slap misses Edmund.
Edmund is lightly wounded.
Edmund hits you with a +2 dire flail of protection!
* * * LOW HITPOINT WARNING * * *
Edmund barely misses you.
You hit Edmund but do no damage.
Edmund is lightly wounded.
Edmund hits you with a +2 dire flail of protection.
* * * LOW HITPOINT WARNING * * *
You closely miss Edmund.
Edmund is lightly wounded.
Edmund hits you with a +2 dire flail of protection.
* * * LOW HITPOINT WARNING * * *
Casting: Magic Dart (safe; 1% risk of failure)
Confirm with . or Enter, or press ? or * to list all spells.
Aiming: Magic Dart (safe; 1% risk of failure)
Press: ? - help, Shift-Dir - straight line, f/p - Edmund
Aim: Edmund, wielding a +2 dire flail of protection, wearing a +0 chain mail and wearing the ring of Guvet {Ice Fly} (lightly wounded, 100% to hit)
The magic dart hits Edmund but does no damage.
Edmund is lightly wounded.
Edmund completely misses you.
You hit Edmund but do no damage.
Edmund is lightly wounded.
Edmund misses you.
You hit Edmund but do no damage. You tail-slap Edmund, but do no damage.
Edmund hits you with a +2 dire flail of protection!
You die...

.# #.# ###..##
##..... ..... #....
... . #.... #.# .#
##...####@##.#..
##....#..@...#...
#.....##.........
#.#......+.._..+...#
#.#.....#......##...
##.#...@.........#
..
.........###....## .
##†###+..####......
#.##..............


You could see Edmund.

Vanquished Creatures
  A crimson imp (D:4)
  Terence (D:2)
  Natasha (thrice) (D:2)
  2 adders
  A worm (D:3)
  A dart slug (D:1)
  3 ball pythons (D:1)
  3 endoplasms
  4 giant cockroaches
  6 goblins
  2 hobgoblins (D:1)
  17 jackals
  2 quokkas
  4 bats
  3 frilled lizards
  2 goblin skeletons (D:4)
  A hobgoblin zombie (D:4)
  3 kobolds
  3 kobold skeletons (D:4)
  2 kobold zombies (D:4)
  An orc skeleton (D:4)
  5 rats
70 creatures vanquished.

Notes
Turn   | Place    | Note
-------+----------+-------------------------------------------
     0 | D:1      | muata the Draconian Conjurer began the quest for the Orb.
     0 | D:1      | Reached XP level 1. HP: 14/14 MP: 3/3
   116 | D:1      | Found a faded altar of an unknown god.
   229 | D:1      | Reached XP level 2. HP: 20/20 MP: 1/5
   350 | D:1      | Learned a level 2 spell: Searing Ray
   844 | D:1      | Reached XP level 3. HP: 26/26 MP: 5/7
  1081 | D:2      | Noticed Terence
  1168 | D:2      | Killed Terence
  1249 | D:2      | Learned a level 3 spell: Dazzling Flash
  1314 | D:2      | Reached XP level 4. HP: 20/33 MP: 0/8
  1489 | D:2      | Noticed Natasha
  1498 | D:2      | Killed Natasha
  1499 | D:2      | Reached skill level 5 in Conjurations
  1593 | D:2      | Noticed Natasha
  1599 | D:2      | Killed Natasha
  1689 | D:2      | Reached skill level 1 in Hexes
  1790 | D:2      | Found a blossoming altar of Fedhas.
  1961 | D:2      | Learned a level 2 spell: Call Imp
  2135 | D:2      | Noticed Natasha
  2138 | D:2      | Killed Natasha
  2139 | D:2      | Reached XP level 5. HP: 38/38 MP: 6/10
  2458 | D:3      | Noticed Iich's ghost (amateur MiBe)
  2461 | D:3      | Found a transporter.
  2469 | D:3      | Found a transporter.
  3332 | D:4      | Found a glowing golden altar of the Shining One.
  3364 | D:4      | Identified the ring of Guvet {Ice Fly}
  3364 | D:4      | Noticed Edmund
  3386 | D:4      | Mangled by Edmund

Illustrated notes

Levels and vault maps discovered:
D:1:      minmay_arrival_stone_box, layout_loops_ring,
          shapermc_ecumenical_altar_mp_ritualfount
D:2:      layout_basic, basic_altar, serial_bayou_pond_e, uniq_natasha,
          uniq_terence
D:3:      layout_basic, gammafunk_ghost_arena
D:4:      layout_loops_corners, chequers_temple_overflow_statue_of_worship,
          nicolae_tso_besieged_by_evil, uniq_robin, uniq_edmund

Skill      XL: |  1  2  3  4  5 |
---------------+----------------+-----
Spellcasting   | 3 4 |  4.1
Conjurations   | 5 |  5.0
Hexes          | 1 2 |  2.1
Dodging        | |  1.7
Stealth        | |  1.7

Action                   |  1- 3 |  4- 6 || total
-------------------------+-------+-------++-------
Melee: Unarmed           |    33 |       ||    33
       Dagger            |    77 |     1 ||    78
       Tailslap          |     9 |     5 ||    14
       Hand axe          |       |    38 ||    38
 Cast: Magic Dart        |    52 |    69 ||   121
       Searing Ray       |     2 |       ||     2
       Call Imp          |       |     1 ||     1
Evoke: Wand              |       |     2 ||     2
 Stab: Sleeping          |       |     2 ||     2
Armor: Skin              |    64 |    12 ||    76
Dodge: Dodged            |   140 |    35 ||   175

Table legend: (Time is in decaauts)
 A = Elapsed time spent in this place.
 B = Non-inter-level travel time spent in this place.
 C = Inter-level travel time spent in this place.
 D = Time resting spent in this place.
 E = Time spent auto-exploring this place.
 F = Levels seen in this place.
 G = Mean time per level.
                   A        B        C        D        E       F      G
               +--------+--------+--------+--------+--------+-----+--------+
         Total |   3395 |   3343 |     52 |    330 |   2439 |   4 |  848.8 |
       Dungeon |   3395 |   3343 |     52 |    330 |   2439 |   4 |  848.8 |
               +--------+--------+--------+--------+--------+-----+--------+

Top non-repeatable levels by time:
     D:1: 1155 daAuts
     D:2: 1143 daAuts
     D:3: 993 daAuts
     D:4: 103 daAuts
